 Dungeon Crawl Stone Soup version 0.28.0-53-g5a82cb258f (webtiles) character file.

Game seed: 13797450523149064307

81 safid the Chopper (level 4, -4/40 HPs)
             Began as a Hill Orc Fighter on Aug 12, 2022.
             Was an Initiate of Beogh.
             Killed by divine providence
             ... invoked by an orc priest
              (14 damage)
             ... on level 3 of the Dungeon.
             The game lasted 00:02:04 (1632 turns).

safid the Chopper (Hill Orc Fighter)                Turns: 1632, Time: 00:02:05

Health: -4/40      AC:  9    Str: 20    XL:     4   Next: 40%
Magic:  4/4        EV:  9    Int:  8    God:    Beogh [......]
Gold:   79         SH:  0    Dex: 10    Spells: 3/3 levels left

rFire   . . .      SeeInvis .   a - +0 war axe
rCold   . . .      Faith    .   c - +0 buckler
rNeg    . . .      Spirit   .   b - +0 scale mail
rPois   .          Reflect  .   (no helmet)
rElec   .          Harm     .   (no cloak)
rCorr   .          Rampage  .   (no gloves)
Will    .....                   e - +1 pair of boots
Stlth   ..........              (no amulet)
HPRegen 0.13/turn               (no ring)
MPRegen 0.09/turn               (no ring)

@: confused
A: no striking features
a: Renounce Religion


You were on level 3 of the Dungeon.
You worshipped Beogh.
Beogh was noncommittal.
You visited 1 branch of the dungeon, and saw 3 of its levels.

You collected 79 gold pieces.

Inventory:

Hand Weapons
 a - a +0 war axe (weapon)
Missiles
 j - 2 boomerangs (quivered)
Armour
 b - a +0 scale mail (worn)
 c - a +0 buckler (worn)
 e - a +1 pair of boots (worn)
Scrolls
 f - a scroll of brand weapon {unknown}
 g - 2 scrolls of noise {unknown}
 i - a scroll of identify {unknown}
 k - a scroll of teleportation {unknown}
Potions
 d - a potion of might
 h - 2 potions of degeneration {unknown}
 l - 2 potions of curing {unknown}


   Skills:
 - Level 4.0 Fighting
 + Level 4.3 Axes
 - Level 4.0 Armour
 - Level 4.0 Shields


You had 3 spell levels left.
You didn't know any spells.
Your spell library contained the following spells:

 Spells                   Type           Power      Damage    Failure   Level
 Animate Skeleton         Necr           0%         N/A       85%         1
 Static Discharge         Conj/Air       0%         N/A       94%         2
 Dispel Undead            Necr           0%         3d6       100%        4
 Sticky Flame             Conj/Fire      0%         2d3       100%        4


Dungeon Overview and Level Annotations

Branches:
Dungeon (2/15)

Altars:
Uskayaw


Message History

You are too injured to fight recklessly!
You are too injured to fight recklessly!
You are too injured to fight recklessly!
You are too injured to fight recklessly!
You are too injured to fight recklessly!
You are too injured to fight recklessly!
You are too injured to fight recklessly!
You are too injured to fight recklessly!
You are too injured to fight recklessly!
You are too injured to fight recklessly!
You are too injured to fight recklessly!
You are too injured to fight recklessly!
You are too injured to fight recklessly!
You are too injured to fight recklessly!
You are too injured to fight recklessly!
You are too injured to fight recklessly!
You are too injured to fight recklessly!
Unknown command.
You hit the orc.
You kill the orc!
Beogh accepts your kill. The orc wizard casts a spell at you.
The magic dart hits you.
You closely miss the orc wizard.
The orc wizard points at you and mumbles some strange words.
The puff of flame hits you.
* * * LOW HITPOINT WARNING * * *
You completely miss the orc wizard.
The orc priest looks satisfied for a moment.
The orc wizard hits you but does no damage.
You hit the orc wizard but do no damage.
The orc wizard gestures at you while chanting.
You are confused.
You bump into the rock wall.
The orc wizard hits you with a +0 dagger.
* * * LOW HITPOINT WARNING * * *
The orc priest mumbles some strange prayers to Beogh against you.
Beogh smites you!
You die...
Beogh appreciates the orc priest's killing of a heretic priest.

)#..._....#
.##.....#.#
.##.####..# .##.# #.##
.##.# #.# ....####.#
.........#####
...##.#......######.##
...## ######....@ooo.#
...# #########....
....... # ........
...###.. ...# . ####


You could see an orc priest, an orc wizard and an orc.

Vanquished Creatures
  An adder (D:3)
  2 worms (D:2)
  A dart slug (D:2)
  2 orcs (D:3)
  6 bats
  5 endoplasms (D:1)
  2 giant cockroaches (D:1)
  5 goblins
  8 hobgoblins
  3 jackals (D:1)
  3 quokkas
  7 ball pythons
  3 frilled lizards (D:1)
  7 kobolds
  2 rats
57 creatures vanquished.

Vanquished Creatures (others)
  A frilled lizard (D:2)
1 creature vanquished.

Grand Total: 58 creatures vanquished

Notes
Turn   | Place    | Note
-------+----------+-------------------------------------------
     0 | D:1      | safid the Hill Orc Fighter began the quest for the Orb.
     0 | D:1      | Reached XP level 1. HP: 19/19 MP: 1/1
    81 | D:1      | Reached XP level 2. HP: 16/27 MP: 2/2
   393 | D:1      | Reached XP level 3. HP: 32/33 MP: 3/3
   683 | D:1      | Found a faded altar of an unknown god.
   708 | D:1      | Got Plato's Grimoire of Necromancy
  1015 | D:2      | Reached XP level 4. HP: 40/40 MP: 4/4
  1118 | D:2      | Became a worshipper of Beogh the Brigand
  1455 | D:2      | You fall into a shaft and drop 1 floor!
  1468 | D:3      | Noticed a +0 dagger
  1468 | D:3      | Noticed a +0 hand axe
  1585 | D:3      | Found a hide-covered altar of Uskayaw.
  1632 | D:3      | Killed from afar by an orc priest

Illustrated notes

Levels and vault maps discovered:
D:1:      evilmike_arrival_hilbert_curve, layout_basic,
          shapermc_ecumenical_altar_rom_forum, minmay_pentomino_o2
D:2:      layout_basic, kennysheep_generic_room_6
D:3:      layout_rooms, amcnicky_altar_gilded, zin_academy,
          dancing_weapons_uskayaw, serial_shops,
          nicolae_shop_bloodbath_and_beyond, uniq_jessica

Skill      XL: |  1  2  3  4 |
---------------+-------------+-----
Axes           | 3 4 |  4.3
Fighting       | 4 |  4.0
Shields        | 4 |  4.0
Armour         | 4 |  4.0

Action                   |  1- 3 |  4- 6 || total
-------------------------+-------+-------++-------
Melee: War axe           |   106 |    45 ||   151
Invok: Convert to Beogh  |       |     1 ||     1
Armor: Scale mail        |    78 |    30 ||   108
Dodge: Dodged            |    80 |    18 ||    98
Block: Buckler           |    26 |     8 ||    34
